 Dungeon Crawl Stone Soup version 0.32-a0-427-g448f42529f (webtiles) character file.

Game seed: 4450177590898355737

1883 Arvy the Changeling (level 9, -1/65 HPs)
             Began as a Merfolk Shapeshifter on Feb 10, 2024.
             Was an Initiate of Makhleb.
             Killed from afar by a steam dragon (8 damage)
             ... with a ball of steam
             ... on level 7 of the Dungeon on Feb 22, 2024.
             The game lasted 00:43:32 (6374 turns).

Arvy the Changeling (Merfolk Shapeshifter)          Turns: 6374, Time: 00:43:33

Health: -1/65      AC:  3    Str: 24    XL:     9   Next: 14%
Magic:  12/13      EV: 17    Int:  9    God:    Makhleb [......]
Gold:   337        SH:  0    Dex: 14    Spells: 13/14 levels left

rFire   . . .        z - melded +2 short sword (elec)
rCold   . . .        m - melded orb {light}
rNeg    . . .        a - melded +0 animal skin
rPois   +            (no helmet)
rElec   .            B - +0 cloak
rCorr   .            A - +1 pair of gloves
SInv    .            (no boots)
Will    .....        (no amulet)
Stlth   +            o - +6 ring of strength
HPRegen 0.30/turn    (no ring)
MPRegen 0.13/turn

%: no passive effects
@: flux-form, glowing, studying Ranged Weapons
A: glow, contaminating, (nimble swimmer 2), mertail, poison resistance
a: Begin Untransformation, Renounce Religion


You were on level 7 of the Dungeon.
You worshipped Makhleb.
Makhleb was noncommittal.
You were something dangerously unstable.
You visited 1 branch of the dungeon, and saw 7 of its levels.

You collected 337 gold pieces.

Inventory:

Hand Weapons
 f - a +2 dagger of venom
 z - a +2 short sword of electrocution (melded)
Missiles
 i - 9 stones (quivered)
 n - 3 poisoned darts
 p - 6 boomerangs
 y - 5 javelins
Armour
 a - a +0 animal skin (melded)
 m - an orb of light (melded)
 A - a +1 pair of gloves (worn)
 B - a +0 cloak (worn)
Jewellery
 o - a +6 ring of strength (left hand)
Talismans
 c - a beast talisman
 d - a flux talisman (active)
Wands
 j - a wand of roots (1)
Scrolls
 e - a scroll of enchant weapon
 k - a scroll of brand weapon {unknown}
 l - 3 scrolls of identify
 q - 2 scrolls of fog {unknown}
 r - 2 scrolls of torment {unknown}
 t - a scroll of noise {unknown}
 u - 2 scrolls of vulnerability {unknown}
 v - a scroll of acquirement {unknown}
 w - a scroll of revelation {unknown}
 x - 2 scrolls of teleportation {unknown}
Potions
 b - 3 potions of lignification
 g - 3 potions of attraction
 h - 2 potions of might
 s - a potion of curing


   Skills:
 + Level 3.9 Fighting
 - Level 3.7 Short Blades
 - Level 3.7 Throwing
 - Level 4.2 Dodging
 - Level 0.2 Shields
 + Level 7.0 Unarmed Combat
 * Level 3.0 Spellcasting
 * Level 3.8 Ice Magic
 + Level 0.1 Evocations
 + Level 7.4 Shapeshifting


You had 13 spell levels left.
You knew the following spells:

 Your Spells              Type           Power      Damage    Failure   Level
a - Freeze                Ice            32%        1d5       6%          1

Your spell library contained the following spells:

 Spells                   Type           Power      Damage    Failure   Level
 Frozen Ramparts          Ice            16%        1d3       19%         3
 Magic Dart               Conj           4%         1d3       30%         1
 Hailstorm                Conj/Ice       4%         3d5       38%         3
 Summon Ice Beast         Ice/Summ       4%         N/A       38%         3
 Blink                    Tloc           2%         N/A       41%         2
 Call Imp                 Summ           2%         N/A       41%         2
 Sublimation of Blood     Necr           1%         N/A       41%         2
 Call Canine Familiar     Summ           1%         N/A       65%         3
 Sigil of Binding         Hex            1%         N/A       65%         3
 Dimensional Bullseye     Hex/Tloc       0%         N/A       96%         4
 Petrify                  Alch/Erth      1%         N/A       96%         4
 Irradiate                Conj/Alch      0%         3d11      100%        5
 Summon Mana Viper        Hex/Summ       1%         N/A       100%        5
 Monstrous Menagerie      Summ           0%         N/A       100%        7


Dungeon Overview and Level Annotations

Branches:
Dungeon (7/15) Zot: 26601  Temple (0/1) D:7

Altars:
Ashenzari
Cheibriados
Makhleb

Annotations:
D:5 3 runed translucent doors, Teknotikka's ghost, amateur SpHu
D:6 2 runed translucent doors, ghhjgh's ghost, novice MiFi


Innate Abilities, Weirdness & Mutations

You are something dangerously unstable.
You glow with magical radiation, making you easy to see and hit.
Foes you strike become dangerously contaminated with magical radiation.
You are incapable of wielding weapons or throwing items.
((You are very nimble when in or above water. (Stealth+, EV+, Speed+++)))
Your lower body shifts to a powerful aquatic tail in water.
Your system is resistant to poisons. (rPois)


Message History

The steam dragon is lightly wounded.
The steam dragon closely misses you. The steam dragon claws you.
You hit the steam dragon.
The steam dragon begins to glow.
The steam dragon is moderately wounded.
The steam dragon bites you! The steam dragon closely misses you.
You hit the steam dragon.
The steam dragon glows dangerously bright.
The steam dragon is moderately wounded.
You hit the steam dragon.
The steam dragon shudders as magic cascades through it!
The steam dragon twists and deforms.
The steam dragon is severely wounded.
The steam dragon barely misses you. The steam dragon completely misses you.
You closely miss the steam dragon.
The steam dragon is severely wounded.
The steam dragon bites you!
The steam dragon claws you but does no damage.
You barely miss the steam dragon.
The steam dragon is severely wounded.
The steam dragon breathes steam at you. The ball of steam hits you!
* * * LOW HITPOINT WARNING * * *
Okay, then.
The steam dragon misses you.
The steam dragon claws you but does no damage.
Casting: Freeze (safe; 6% risk of failure)
Confirm with . or Enter, or press ? or * to list all spells.
Aiming: Freeze (safe; 6% risk of failure)
Press: ? - help, Shift-Dir - straight line, f/p - steam dragon
Aim: a steam dragon (steam, severely wounded, misshapen and mutated)
You freeze the steam dragon.
The steam dragon is almost dead.
You are engulfed in a cloud of scalding steam.
* * * LOW HITPOINT WARNING * * *
The steam dragon completely misses you. The steam dragon claws you.
* * * LOW HITPOINT WARNING * * *
You feel better. The steam dragon breathes steam at you.
The ball of steam hits you!
You die...

.... ....# .....# .....# ....## #
#§..## #..# #...... #.§.##...#
##...... .>...#
#§.p.#...####......# #....##
##D.......##........ #.....#
###..................
#....###....................
#....##........####.........
##.............####..........
##...............##.[......... #
##.....................#.......
.##...##......#...#......###...#.


You could see a steam dragon (catching breath, misshapen).

Vanquished Creatures
  Grinder (D:4)
  2 sky beasts (D:7)
  A black bear (D:6)
  3 ogres (D:4)
  2 scorpions
  A wight (D:6)
  A crimson imp (D:6)
  A howler monkey (D:4)
  An orc priest (D:5)
  3 bombardier beetles
  A hound (D:4)
  2 jellies
  A sleepcap (D:3)
  3 iguanas
  3 adders
  3 dart slugs
  12 orcs
  5 bats
  5 endoplasms
  4 giant cockroaches
  4 goblins
  6 hobgoblins
  6 jackals
  3 quokkas
  6 ball pythons
  A frilled lizard (D:2)
  5 kobolds
  4 rats
90 creatures vanquished.

Vanquished Creatures (collateral kills)
  Sigmund (D:5)
  Menkaure (D:6)
  Blork the orc (D:6)
  2 wights (D:6)
  A gnoll (D:5)
  3 hobgoblins (D:5)
9 creatures vanquished.

Grand Total: 99 creatures vanquished

Notes
Turn   | Place    | Note
-------+----------+-------------------------------------------
     0 | D:1      | Arvy the Merfolk Shapeshifter began the quest for the Orb.
     0 | D:1      | Reached XP level 1. HP: 15/15 MP: 1/1
   136 | D:1      | Reached XP level 2. HP: 10/21 MP: 2/2
   740 | D:1      | Reached XP level 3. HP: 24/26 MP: 3/3
  1402 | D:2      | You fall into a shaft and drop 1 floor!
  1814 | D:3      | Reached XP level 4. HP: 30/32 MP: 4/4
  2173 | D:3      | Gained mutation: You are partially covered in large bone
                  | plates. (SH +4) [potion of mutation]
  2326 | D:4      | Noticed Grinder
  2390 | D:2      | Upgraded the game from 0.32-a0-135-g14f8b2e1af to
                  | 0.32-a0-290-g598725c5f2
  2490 | D:3      | Reached skill level 5 in Shapeshifting
  2582 | D:4      | Killed Grinder
  2583 | D:4      | Reached skill level 1 in Throwing
  2583 | D:4      | Reached skill level 5 in Unarmed Combat
  2583 | D:4      | Reached XP level 5. HP: 23/39 MP: 5/5
  2583 | D:4      | Reached XP level 6. HP: 26/45 MP: 6/6
  2908 | D:4      | Reached XP level 7. HP: 17/51 MP: 7/7
  3769 | D:5      | Entered Level 5 of the Dungeon
  3967 | D:5      | Lost mutation: You are partially covered in large bone
                  | plates. (SH +4) [potion of mutation]
  3967 | D:5      | Gained mutation: Your system is resistant to poisons.
                  | (rPois) [potion of mutation]
  4150 | D:5      | Learned a level 1 spell: Freeze
  4164 | D:5      | Found a runed translucent gate.
  4164 | D:5      | Found a runed translucent gate.
  4164 | D:5      | Found a runed translucent gate.
  4167 | D:5      | Noticed Teknotikka's ghost (amateur SpHu)
  4168 | D:5      | Identified the +9 mace "Liag Alo" {elec, +Blink rElec
                  | Stlth+}
  4287 | D:5      | Found a snail-covered altar of Cheibriados.
  4298 | D:5      | Reached XP level 8. HP: 58/58 MP: 8/8
  4432 | D:5      | Noticed Sigmund
  4445 | D:5      | Killed Sigmund
  4446 | D:5      | Reached skill level 1 in Short Blades
  4446 | D:5      | Reached skill level 1 in Spellcasting
  4446 | D:5      | Reached skill level 1 in Ice Magic
  4459 | D:6      | Found a burning altar of Makhleb.
  4471 | D:6      | Became a worshipper of Makhleb the Destroyer
  4518 | D:6      | Noticed Menkaure
  4518 | D:6      | Noticed Blork the orc
  4520 | D:6      | Upgraded the game from 0.32-a0-290-g598725c5f2 to
                  | 0.32-a0-401-g0bcb2a7693
  4524 | D:6      | Killed Blork the orc
  4527 | D:6      | Killed Menkaure
  4528 | D:6      | Upgraded the game from 0.32-a0-401-g0bcb2a7693 to
                  | 0.32-a0-427-g448f42529f
  4782 | D:6      | Found a broken altar of Ashenzari.
  5307 | D:6      | Found a large runed translucent door.
  5307 | D:6      | Found a large runed translucent door.
  5310 | D:6      | Noticed ghhjgh's ghost (novice MiFi)
  5839 | D:6      | Reached XP level 9. HP: 65/65 MP: 11/13
  6303 | D:7      | Found a staircase to the Ecumenical Temple.
  6373 | D:7      | HP: 2/65 [steam dragon (4)]
  6374 | D:7      | Killed from afar by a steam dragon

Illustrated notes

Levels and vault maps discovered:
D:1:      minmay_arrival_stair_chambers, layout_basic
D:2:      layout_basic, grunt_ministairs_4
D:3:      layout_loops_corners
D:4:      layout_cave_pods, uniq_grinder
D:5:      layout_basic, nicolae_overflow_crystal_walls,
          biasface_ghost_orc_armoury, sigmund_army
D:6:      layout_basic, ashenzari_altar_1, makhleb_grotto_becter,
          ebering_ghost_disaster_area, uniq_blork_the_orc, uniq_sigmund,
          uniq_menkaure
D:7:      layout_layer_cave, minmay_temple_entry_mini_moons,
          ebering_ghost_inner_flame

Skill      XL: |  1  2  3  4  5  6  7  8  9 |
---------------+----------------------------+-----
Unarmed Combat | 4 5 6 7 |  7.0
Dodging        | 3 4 |  4.2
Shapeshifting  | 5 6 7 |  7.4
Fighting       | 2 3 |  3.9
Throwing       | 1 2 3 |  3.7
Short Blades   | 3 |  3.7
Spellcasting   | 2 3 |  3.0
Ice Magic      | 3 |  3.8
Shields        | |  0.2
Evocations     | |  0.1

Action                     |  1- 3 |  4- 6 |  7- 9 || total
---------------------------+-------+-------+-------++-------
  Melee: Unarmed           |    88 |    70 |    69 ||   227
         Punch             |     2 |     1 |       ||     3
         Dagger            |       |       |     8 ||     8
         Short sword       |       |       |    14 ||    14
  Throw: Stone             |     4 |    24 |    28 ||    56
         Boomerang         |     2 |     3 |    15 ||    20
         Dart              |       |     4 |     8 ||    12
   Cast: Freeze            |       |       |    11 ||    11
  Evoke: Wand              |       |       |     1 ||     1
    Use: Potion            |       |     6 |     3 ||     9
         Scroll            |       |       |     4 ||     4
 Armour: Animal skin       |    44 |    42 |    30 ||   116
         Skin              |       |     6 |    29 ||    35
  Dodge: Dodged            |    62 |    51 |    90 ||   203
  Block: Other             |       |     5 |     1 ||     6
   Form: Flux              |       |     1 |     3 ||     4
         Beast             |       |     1 |     2 ||     3

Table legend: (Time is in decaauts)
 A = Elapsed time spent in this place.
 B = Non-inter-level travel time spent in this place.
 C = Inter-level travel time spent in this place.
 D = Time resting spent in this place.
 E = Time spent auto-exploring this place.
 F = Levels seen in this place.
 G = Mean time per level.
                   A        B        C        D        E       F      G
               +--------+--------+--------+--------+--------+-----+--------+
         Total |   6333 |   6166 |    167 |    448 |   4663 |   7 |  904.7 |
       Dungeon |   6333 |   6166 |    167 |    448 |   4663 |   7 |  904.7 |
               +--------+--------+--------+--------+--------+-----+--------+

Top non-repeatable levels by time:
     D:6: 1513 daAuts
     D:4: 1466 daAuts
     D:2: 964 daAuts
     D:1: 798 daAuts
     D:5: 646 daAuts
     D:3: 546 daAuts
     D:7: 397 daAuts
